 Dungeon Crawl Stone Soup version 0.24.0-35-gdb84b6a5db (webtiles) character file.

Game seed: 8626588361922157136, levelgen mode: deterministic

80 Esekla the Slasher (level 4, -3/37 HPs)
             Began as a Demonspawn Wanderer on Nov 20, 2019.
             Slain by an iguana (6 damage)
             ... on level 4 of the Dungeon.
             The game lasted 00:09:07 (1732 turns).

Esekla the Slasher (Demonspawn Wanderer)            Turns: 1732, Time: 00:09:07

Health: -3/37      AC:  2    Str: 12    XL:     4   Next: 18%
Magic:  4/4        EV: 12    Int: 14    God:
Gold:   99         SH:  0    Dex: 13    Spells: 3/3 levels left

rFire    . . .     SeeInvis .   a - +2 falchion
rCold    . . .     Gourm    .   (no shield)
rNeg     . . .     Faith    .   d - +0 robe
rPois    .         Spirit   .   (no helmet)
rElec    .         Reflect  .   (no cloak)
rCorr    .         Harm     .   (no gloves)
MR       .....                  (no boots)
Stlth    +++.......             (no amulet)
HPRegen  0.12/turn              (no ring)
MPRegen  0.09/turn              (no ring)

@: no status effects
A: nightstalker 1
a: no special abilities


You were on level 4 of the Dungeon.
You were near starving.

You visited 1 branch of the dungeon, and saw 4 of its levels.

You collected 99 gold pieces.

Inventory:

Hand Weapons
 a - a +2 falchion (weapon)
 b - a +0 short sword
Missiles
 m - 8 boomerangs (quivered)
Armour
 d - a +0 robe (worn)
Scrolls
 g - 2 scrolls of identify {unknown}
 i - 2 scrolls of teleportation {unknown}
 l - 5 scrolls of remove curse {unknown}
 n - a scroll of amnesia {unknown}
 o - a scroll of magic mapping {unknown}
Potions
 c - a potion of curing
 e - a potion of berserk rage {unknown}
 h - a potion of flight {unknown}
 j - 2 potions of degeneration {unknown}
 k - a potion of resistance {unknown}
 p - a potion of heal wounds {unknown}
Comestibles
 f - 2 rations


   Skills:
 + Level 3.8 Fighting
 * Level 3.9 Long Blades
   Level 1.0 Polearms
 + Level 1.3 Dodging
 - Level 1.0 Stealth
   Level 1.0 Shields


You had 3 spell levels left.
You didn't know any spells.
Your spell library was empty.

Dungeon Overview and Level Annotations

Branches:
Dungeon (4/15)
 Temple: D:4-7

Altars:
Sif Muna


Innate Abilities, Weirdness & Mutations

You are slightly more attuned to the shadows.


Message History

The iguana is moderately wounded.
The iguana bites you.
* * * LOW HITPOINT WARNING * * *
You completely miss the iguana.
The iguana is moderately wounded.
The iguana barely misses you.
You hit the iguana.
The iguana is severely wounded.
The iguana bites you!
* * * LOW HITPOINT WARNING * * *
You completely miss the iguana.
The iguana is severely wounded.
The iguana barely misses you.
You barely miss the iguana.
The iguana is severely wounded.
The iguana barely misses you.
You hit the iguana but do no damage.
The iguana is severely wounded.
The iguana bites you.
You die...

### #.. # #.# .##
#########.###..
##.....##.....##
##..............#..
#..........@.......
#...........l.%..#
#................#
#.................#
#........<.........
#..................
##..............###
##.....##.....##
############..


You could see an iguana.

Vanquished Creatures
  Jessica (D:2)
  3 dart slugs (D:1)
  A worm (D:3)
  A leopard gecko (D:1)
  6 bats
  5 giant cockroaches
  6 hobgoblins (D:1)
  5 kobolds
  4 frilled lizards (D:1)
  6 goblins
  3 rats (D:1)
41 creatures vanquished.

Notes
Turn   | Place    | Note
-------+----------+-------------------------------------------
     0 | D:1      | Esekla the Demonspawn Wanderer began the quest for the Orb.
     0 | D:1      | Esekla set off with the following items: a +2 falchion, a
                  | +0 short sword, a potion of curing, a +0 robe, a ration
     0 | D:1      | Reached XP level 1. HP: 18/18 MP: 1/1
    69 | D:1      | Gained mutation: You are slightly more attuned to the
                  | shadows. [demonic ancestry]
    69 | D:1      | Reached XP level 2. HP: 20/24 MP: 2/2
   336 | D:1      | Reached XP level 3. HP: 28/29 MP: 3/3
   394 | D:2      | Noticed Jessica
   400 | D:2      | Killed Jessica
   773 | D:2      | Reached XP level 4. HP: 7/37 MP: 4/4
  1142 | D:2      | Found a shimmering blue altar of Sif Muna.
  1712 | D:3      | You fall into a shaft and drop 1 floor!
  1732 | D:4      | Slain by an iguana

Levels and vault maps discovered:
D:1:      dpeg_arrival_oval, layout_basic, serial_glass, glass_columns_a,
          glass_columns_a
D:2:      layout_loops_corners, led_sif_pool, uniq_jessica
D:3:      layout_loops_cross, lemuel_zombie_altar_kikubaaqudgha, first_ration,
          uniq_sigmund
D:4:      layout_rooms, grunt_dithmenos_smoke, elyvilon_altar_4,
          minmay_temple_entry_antechambers, yredelemnul_altar_generic,
          uniq_eustachio

Skill      XL: |  1  2 |
---------------+-------+-----
Long Blades    | 3 |  3.9
Fighting       | |  3.8
Polearms       | |  1.0
Dodging        | |  1.3
Stealth        | |  1.0
Shields        | |  1.0

Action                   |  1- 3 |  4- 6 || total
-------------------------+-------+-------++-------
Melee: Falchion          |    57 |    25 ||    82
Throw: Boomerang         |     5 |     1 ||     6
 Stab: Sleeping          |     4 |     4 ||     8
  Eat: Chunk             |       |     1 ||     1
Armor: Robe              |    21 |     2 ||    23
Dodge: Dodged            |    61 |    12 ||    73
       Rpst.: Falchion   |    17 |     3 ||    20
